TOP OF THE 1ST |
Cedar Rapids Cardinals batting - Pitching for Quad Cities Angels : RHP Grady Warren
|
Pitching: RHP Grady Warren
|
|
Batting: RHB Nehames Bernstine
|
0-0: Called Strike 0-1: Ball 1-1: Ball 2-1: Swinging Strike 2-2: Fly out, F7 (Flyball, 78D, EV 107.5 MPH)
|
Batting: RHB Reggie D Williams
|
0-0: Called Strike 0-1: Foul Ball, location: 2F 0-2: Ball 1-2: Ball 2-2: Ball 3-2: Foul Ball, location: 2F 3-2: Strikes out swinging
|
Batting: RHB Winston Ficklin
|
0-0: Ball 1-0: Foul Ball, location: 2F 1-1: Called Strike 1-2: Ball 2-2: Ball 3-2: Foul Ball, location: 2F 3-2: Foul Ball, location: 2F 3-2: Base on Balls
|
Batting: RHB Ronald Grout
|
0-0: Foul Ball, location: 2F 0-1: Called Strike 0-2: Strikes out swinging
|
Top of the 1st over - 0 runs, 0 hits, 0 errors, 1 left on base; Cedar Rapids 0 - Quad Cities 0 |
BOTTOM OF THE 1ST |
Quad Cities Angels batting - Pitching for Cedar Rapids Cardinals : RHP Scott Pyle
|
Pitching: RHP Scott Pyle
|
|
Batting: SHB Frank Diaz
|
0-0: Swinging Strike 0-1: Fly out, F8 (Line Drive, 8LM, EV 96.3 MPH)
|
Batting: RHB Carlos Rios
|
0-0: Called Strike 0-1: Ball 1-1: Fly out, F9 (Line Drive, 9, EV 91.3 MPH)
|
Batting: RHB Rolando Roomes
|
0-0: Ball 1-0: Ball 2-0: Ball 3-0: Called Strike 3-1: Ground out 1-3 (Groundball, 34S, EV 66.9 MPH)
|
Bottom of the 1st over - 0 runs, 0 hits, 0 errors, 0 left on base; Cedar Rapids 0 - Quad Cities 0 |
TOP OF THE 2ND |
Cedar Rapids Cardinals batting - Pitching for Quad Cities Angels : RHP Grady Warren
|
Batting: RHB Carson Carroll
|
0-0: Ball 1-0: Ball 2-0: Called Strike 2-1: Ball 3-1: Base on Balls
|
Batting: RHB Dean Kornacker
|
0-0: Ball 1-0: Ball 2-0: Ball 3-0: Called Strike 3-1: Base on Balls Carson Carroll to second
|
Batting: SHB Bryan Hoppie
|
0-0: Ball 1-0: Ball Wild Pitch! Carson Carroll to third Dean Kornacker to second 2-0: Called Strike 2-1: Ball 3-1: Base on Balls
|
Batting: SHB Duane Johnson
|
0-0: Swinging Strike 0-1: Swinging Strike 0-2: Ball 1-2: Foul Ball, location: 2F 1-2: Fielders Choice at 2nd, 5-4 (Groundball, 56, EV 100.0 MPH) Carson Carroll scores Dean Kornacker to third
|
Batting: RHB Orlando Ramirez
|
0-0: Swinging Strike 0-1: Foul Ball, location: 2F 0-2: Ball Wild Pitch! Dean Kornacker scores Duane Johnson to second 1-2: Strikes out swinging
|
Batting: RHB Nehames Bernstine
|
0-0: Called Strike 0-1: Foul Ball, location: 2F 0-2: Strikes out looking
|
Top of the 2nd over - 2 runs, 0 hits, 0 errors, 1 left on base; Cedar Rapids 2 - Quad Cities 0 |
BOTTOM OF THE 2ND |
Quad Cities Angels batting - Pitching for Cedar Rapids Cardinals : RHP Scott Pyle
|
Batting: RHB Greg Griffin
|
0-0: Called Strike 0-1: DOUBLE (Line Drive, 89D, EV 104.4 MPH)
|
Batting: RHB Craig Walck
|
0-0: Called Strike 0-1: SINGLE (Groundball, 56D, EV 97.5 MPH) Greg Griffin to third Runner from 3rd tries for Home, SAFE, throw by LF to home
|
Batting: RHB Oscar Mejia
|
0-0: Fly out, F9 (Flyball, 9D, EV 83.8 MPH)
|
Batting: SHB Danny Montero
|
0-0: Ball 1-0: Ball 2-0: Ball 3-0: Called Strike 3-1: Fly out, F7 (Flyball, 78S, EV 91.3 MPH)
|
Batting: LHB Matteo Allucingoli
|
0-0: Called Strike 0-1: Ball 1-1: Ball 2-1: Ball Wild Pitch! Craig Walck to second 3-1: Base on Balls
|
Batting: RHB Brad Fischer
|
0-0: Ball 1-0: Ball 2-0: Ball 3-0: Called Strike 3-1: Fly out, F9 (Flyball, 9S, EV 88.1 MPH)
|
Bottom of the 2nd over - 1 run, 2 hits, 0 errors, 2 left on base; Cedar Rapids 2 - Quad Cities 1 |
TOP OF THE 3RD |
Cedar Rapids Cardinals batting - Pitching for Quad Cities Angels : RHP Grady Warren
|
Batting: RHB Reggie D Williams
|
0-0: Swinging Strike 0-1: Called Strike 0-2: Ball 1-2: Strikes out looking
|
Batting: RHB Winston Ficklin
|
0-0: Ball 1-0: Ball 2-0: Ball 3-0: Called Strike 3-1: Foul Ball, location: 2F 3-2: Strikes out swinging
|
Batting: RHB Ronald Grout
|
0-0: Ball 1-0: Ball 2-0: Foul Ball, location: 2F 2-1: Foul Ball, location: 2F 2-2: Ball 3-2: Base on Balls
|
Batting: RHB Carson Carroll
|
0-0: Swinging Strike 0-1: Swinging Strike 0-2: Ball 1-2: Foul Ball, location: 2F 1-2: Ball 2-2: Ball 3-2: Fly out, F7 (Flyball, 7, EV 95.6 MPH)
|
Top of the 3rd over - 0 runs, 0 hits, 0 errors, 1 left on base; Cedar Rapids 2 - Quad Cities 1 |
BOTTOM OF THE 3RD |
Quad Cities Angels batting - Pitching for Cedar Rapids Cardinals : RHP Scott Pyle
|
Batting: SHB Frank Diaz
|
0-0: Ground out 5-3 (Groundball, 56, EV 83.1 MPH)
|
Batting: RHB Carlos Rios
|
0-0: SINGLE (Line Drive, 3D, EV 93.8 MPH)
|
Batting: RHB Rolando Roomes
|
0-0: Ball 1-0: Called Strike Carlos Rios steals 2nd base (no throw) 1-1: Ball 2-1: Swinging Strike 2-2: Foul Ball, location: 2F 2-2: Ball 3-2: Ground out 6-3 (Groundball, 6, EV 100.0 MPH)
|
Batting: RHB Greg Griffin
|
0-0: Called Strike 0-1: Ground out 5-3 (Groundball, 5, EV 101.9 MPH)
|
Bottom of the 3rd over - 0 runs, 1 hit, 0 errors, 1 left on base; Cedar Rapids 2 - Quad Cities 1 |
TOP OF THE 4TH |
Cedar Rapids Cardinals batting - Pitching for Quad Cities Angels : RHP Grady Warren
|
Batting: RHB Dean Kornacker
|
0-0: Called Strike 0-1: Ball 1-1: Called Strike 1-2: Strikes out swinging, 2-3 out at first.
|
Batting: SHB Bryan Hoppie
|
0-0: Ball 1-0: Foul Ball, location: 2F 1-1: Ground out U3 (Groundball, 3, EV 84.4 MPH)
|
Batting: SHB Duane Johnson
|
0-0: Ball 1-0: Swinging Strike 1-1: Fly out, F8 (Flyball, 78M, EV 90.6 MPH)
|
Top of the 4th over - 0 runs, 0 hits, 0 errors, 0 left on base; Cedar Rapids 2 - Quad Cities 1 |
BOTTOM OF THE 4TH |
Quad Cities Angels batting - Pitching for Cedar Rapids Cardinals : RHP Scott Pyle
|
Batting: RHB Craig Walck
|
0-0: Called Strike 0-1: Ball 1-1: Ball 2-1: Ground out 4-3 (Groundball, 4, EV 82.5 MPH)
|
Batting: RHB Oscar Mejia
|
0-0: Called Strike 0-1: Fly out, F4 (Popup, 4MS, EV 71.9 MPH)
|
Batting: SHB Danny Montero
|
0-0: Ball 1-0: Ground out 6-3 (Groundball, 6, EV 100.0 MPH)
|
Bottom of the 4th over - 0 runs, 0 hits, 0 errors, 0 left on base; Cedar Rapids 2 - Quad Cities 1 |
TOP OF THE 5TH |
Cedar Rapids Cardinals batting - Pitching for Quad Cities Angels : RHP Grady Warren
|
Batting: RHB Orlando Ramirez
|
0-0: Fly out, F8 (Flyball, 8RS, EV 98.8 MPH)
|
Batting: RHB Nehames Bernstine
|
0-0: Called Strike 0-1: Foul Ball, location: 2F 0-2: Ball 1-2: Fly out, F4 (Flyball, 34D, EV 80.6 MPH)
|
Batting: RHB Reggie D Williams
|
0-0: Ball 1-0: Foul Ball, location: 2F 1-1: Foul Ball, location: 2F 1-2: Fly out, F9 (Flyball, 9D, EV 100.0 MPH)
|
Top of the 5th over - 0 runs, 0 hits, 0 errors, 0 left on base; Cedar Rapids 2 - Quad Cities 1 |
BOTTOM OF THE 5TH |
Quad Cities Angels batting - Pitching for Cedar Rapids Cardinals : RHP Scott Pyle
|
Batting: LHB Matteo Allucingoli
|
0-0: Foul Ball, location: 2F 0-1: Foul Ball, location: 2F 0-2: SINGLE (Flyball, 8LS, EV 91.3 MPH)
|
Batting: RHB Brad Fischer
|
0-0: Sac Bunt to 25 - play at first, batter OUT! 5-4 Matteo Allucingoli to second
|
Batting: SHB Frank Diaz
|
0-0: Called Strike 0-1: Ground out 5-3 (Groundball, 56, EV 99.4 MPH)
|
Batting: RHB Carlos Rios
|
0-0: Ball 1-0: Called Strike 1-1: Ground out 5-3 (Groundball, 56, EV 87.5 MPH)
|
Bottom of the 5th over - 0 runs, 1 hit, 0 errors, 1 left on base; Cedar Rapids 2 - Quad Cities 1 |
TOP OF THE 6TH |
Cedar Rapids Cardinals batting - Pitching for Quad Cities Angels : RHP Grady Warren
|
Batting: RHB Winston Ficklin
|
0-0: Called Strike 0-1: Ball 1-1: Ball 2-1: Ball 3-1: Base on Balls
|
Batting: RHB Ronald Grout
|
0-0: Called Strike 0-1: Ball 1-1: Ball 2-1: DOUBLE (Line Drive, 9LM, EV 105.6 MPH) Winston Ficklin to third
|
Batting: RHB Carson Carroll
|
0-0: Ball 1-0: Foul Ball, location: 2F 1-1: Foul Ball, location: 2F 1-2: Foul Ball, location: 2F 1-2: Ball Wild Pitch! Winston Ficklin scores Ronald Grout to third 2-2: Ball 3-2: Fly out, F7 (Line Drive, 7, EV 98.1 MPH)
|
Batting: RHB Dean Kornacker
|
0-0: Ball Wild Pitch! Ronald Grout scores 1-0: Ball 2-0: Ball 3-0: Foul Ball, location: 2F 3-1: Foul Ball, location: 2F 3-2: Strikes out swinging
|
Batting: SHB Bryan Hoppie
|
0-0: Called Strike 0-1: Called Strike 0-2: Strikes out looking
|
Top of the 6th over - 2 runs, 1 hit, 0 errors, 0 left on base; Cedar Rapids 4 - Quad Cities 1 |
BOTTOM OF THE 6TH |
Quad Cities Angels batting - Pitching for Cedar Rapids Cardinals : RHP Scott Pyle
|
Batting: RHB Rolando Roomes
|
0-0: Ball 1-0: Ball 2-0: Foul Ball, location: 2F 2-1: SINGLE (Groundball, 56, EV 106.9 MPH) (infield hit)
|
Batting: RHB Greg Griffin
|
0-0: Ball Rolando Roomes steals 2nd base 1-0: Ball 2-0: Foul Ball, location: 2F 2-1: Ball 3-1: Base on Balls
|
Batting: RHB Craig Walck
|
0-0: Ball 1-0: Called Strike Rolando Roomes steals 3rd base Greg Griffin to second 1-1: SINGLE (Groundball, 56D, EV 95.0 MPH) Rolando Roomes scores Greg Griffin to third Runner from 3rd tries for Home, SAFE, throw by LF to home
|
Batting: RHB Oscar Mejia
|
0-0: Bunted foul 0-1: Ball 1-1: Ball 2-1: Bunt missed! 2-2: Fly out, F8 (Flyball, 8RD, EV 86.9 MPH)
|
Batting: SHB Danny Montero
|
0-0: Foul Ball, location: 2F 0-1: Ball 1-1: Ball 2-1: Swinging Strike 2-2: Ball 3-2: Fly out, F5 (Popup, 56S, EV 82.5 MPH)
|
Batting: LHB Matteo Allucingoli
|
0-0: Ground out U3 (Groundball, 3, EV 101.9 MPH)
|
Bottom of the 6th over - 2 runs, 2 hits, 0 errors, 1 left on base; Cedar Rapids 4 - Quad Cities 3 |
TOP OF THE 7TH |
Cedar Rapids Cardinals batting - Pitching for Quad Cities Angels : RHP Grady Warren
|
Batting: SHB Duane Johnson
|
0-0: Foul Ball, location: 2F 0-1: Ground out 5-3 (Groundball, 5, EV 105.6 MPH)
|
Batting: RHB Orlando Ramirez
|
0-0: Ball 1-0: Fly out, F2 (Popup, 23F, EV 77.5 MPH)
|
Batting: RHB Nehames Bernstine
|
0-0: SINGLE (Line Drive, 4MD, EV 96.3 MPH)
|
Batting: RHB Reggie D Williams
|
0-0: Called Strike Nehames Bernstine steals 2nd base 0-1: Ball 1-1: Ball 2-1: Ground out 4-3 (Groundball, 4, EV 85.0 MPH)
|
Top of the 7th over - 0 runs, 1 hit, 0 errors, 1 left on base; Cedar Rapids 4 - Quad Cities 3 |
BOTTOM OF THE 7TH |
Quad Cities Angels batting - Pitching for Cedar Rapids Cardinals : RHP Scott Pyle
|
Batting: RHB Brad Fischer
|
0-0: Ball 1-0: Ball 2-0: Foul Ball, location: 2F 2-1: Ground out 1-3 (Groundball, P, EV 74.4 MPH)
|
Batting: SHB Frank Diaz
|
0-0: Ball 1-0: Ball 2-0: Swinging Strike 2-1: Called Strike 2-2: Strikes out swinging
|
Batting: RHB Carlos Rios
|
0-0: Ball 1-0: Fly out, F9 (Flyball, 9, EV 81.9 MPH)
|
Bottom of the 7th over - 0 runs, 0 hits, 0 errors, 0 left on base; Cedar Rapids 4 - Quad Cities 3 |
TOP OF THE 8TH |
Cedar Rapids Cardinals batting - Pitching for Quad Cities Angels : RHP Grady Warren
|
Batting: RHB Winston Ficklin
|
0-0: Ball 1-0: Ground out U3 (Groundball, 34, EV 105.6 MPH)
|
Batting: RHB Ronald Grout
|
0-0: Swinging Strike 0-1: Swinging Strike 0-2: Ground out 5-3 (Groundball, 56S, EV 83.1 MPH)
|
Pitching: RHP David Mangrum
|
|
Batting: RHB Carson Carroll
|
0-0: Ball 1-0: Foul Ball, location: 2F 1-1: Foul Ball, location: 2F 1-2: Foul Ball, location: 2F 1-2: Fly out, F9 (Flyball, 9S, EV 91.3 MPH)
|
Top of the 8th over - 0 runs, 0 hits, 0 errors, 0 left on base; Cedar Rapids 4 - Quad Cities 3 |
BOTTOM OF THE 8TH |
Quad Cities Angels batting - Pitching for Cedar Rapids Cardinals : RHP Scott Pyle
|
Batting: RHB Rolando Roomes
|
0-0: Ball 1-0: Fly out, F9 (Flyball, 9D, EV 81.3 MPH)
|
Batting: RHB Greg Griffin
|
0-0: Ball 1-0: Foul Ball, location: 2F 1-1: Ball 2-1: Called Strike 2-2: Foul Ball, location: 2F 2-2: Ball 3-2: Strikes out swinging
|
Batting: RHB Craig Walck
|
0-0: Ball 1-0: Ball 2-0: Called Strike 2-1: Ball 3-1: Base on Balls
|
Pinch Hitting: LHB Bob Helsom
|
0-0: Foul Ball, location: 2F 0-1: Ball 1-1: Ball 2-1: Ball 3-1: Called Strike 3-2: Foul Ball, location: 2F 3-2: Strikes out swinging
|
Bottom of the 8th over - 0 runs, 0 hits, 0 errors, 1 left on base; Cedar Rapids 4 - Quad Cities 3 |
TOP OF THE 9TH |
Cedar Rapids Cardinals batting - Pitching for Quad Cities Angels : RHP David Mangrum
|
Now at 1B: Bob Helsom
|
|
Batting: RHB Dean Kornacker
|
0-0: Called Strike 0-1: Ball 1-1: Ball 2-1: Ball 3-1: Foul Ball, location: 2F 3-2: Foul Ball, location: 2F 3-2: Base on Balls
|
Batting: SHB Bryan Hoppie
|
0-0: Called Strike 0-1: Swinging Strike 0-2: Ball 1-2: Ball 2-2: Strikes out swinging
|
Batting: SHB Duane Johnson
|
0-0: Ball 1-0: Ball 2-0: Called Strike 2-1: Ball 3-1: Fly out, F8 (Line Drive, 8LD, EV 90.6 MPH)
|
Batting: RHB Orlando Ramirez
|
0-0: Swinging Strike 0-1: Ball 1-1: Swinging Strike 1-2: Ball Passed Ball! Dean Kornacker to second 2-2: Strikes out swinging
|
Top of the 9th over - 0 runs, 0 hits, 0 errors, 1 left on base; Cedar Rapids 4 - Quad Cities 3 |
BOTTOM OF THE 9TH |
Quad Cities Angels batting - Pitching for Cedar Rapids Cardinals : RHP Scott Pyle
|
Pitching: RHP Jeffrey Musser
|
|
Now at 2B: Miguel Sosa
|
|
Batting: SHB Danny Montero
|
0-0: Ball 1-0: Called Strike 1-1: Ball 2-1: Foul Ball, location: 2F 2-2: Foul Ball, location: 2F 2-2: Fly out, F5 (Popup, 5S, EV 80.0 MPH)
|
Batting: LHB Matteo Allucingoli
|
0-0: SOLO HOME RUN (Flyball, 9D, EV 92.5 MPH), Distance : 394 ft
|
Pinch Hitting: LHB Chuck Sandberg
|
0-0: Ball 1-0: Foul Ball, location: 2F 1-1: Swinging Strike 1-2: Foul Ball, location: 2F 1-2: Foul Ball, location: 2F 1-2: Ball 2-2: Ball 3-2: Strikes out looking
|
Batting: SHB Frank Diaz
|
0-0: Ball 1-0: Ball 2-0: Called Strike 2-1: Foul Ball, location: 2F 2-2: Strikes out swinging
|
Bottom of the 9th over - 1 run, 1 hit, 0 errors, 0 left on base; Cedar Rapids 4 - Quad Cities 4 |
TOP OF THE 10TH |
Cedar Rapids Cardinals batting - Pitching for Quad Cities Angels : RHP David Mangrum
|
Pitching: RHP Gary Granke
|
|
Now at C: Cecil Strawn
|
|
Batting: RHB Nehames Bernstine
|
0-0: Ball 1-0: Called Strike 1-1: Foul Ball, location: 2F 1-2: Foul Ball, location: 2F 1-2: Ground out 5-3 (Groundball, 5, EV 88.1 MPH)
|
Batting: RHB Reggie D Williams
|
0-0: Called Strike 0-1: Ball 1-1: Foul Ball, location: 2F 1-2: Ground out 6-3 (Groundball, 6, EV 102.5 MPH)
|
Pinch Hitting: LHB Robert O'Leath
|
0-0: Ball 1-0: Called Strike 1-1: Fly out, F6 (Line Drive, 6, EV 67.5 MPH)
|
Top of the 10th over - 0 runs, 0 hits, 0 errors, 0 left on base; Cedar Rapids 4 - Quad Cities 4 |
BOTTOM OF THE 10TH |
Quad Cities Angels batting - Pitching for Cedar Rapids Cardinals : RHP Jeffrey Musser
|
Now at 2B: Robert Doerrer
|
|
Pinch Hitting: RHB Mike Sharperson
|
0-0: Ground out 5-3 (Groundball, 56S, EV 64.4 MPH)
|
Batting: RHB Rolando Roomes
|
0-0: Ball 1-0: Ball 2-0: Called Strike 2-1: Ball 3-1: Base on Balls
|
Batting: RHB Greg Griffin
|
0-0: Ball 1-0: Ball 2-0: Ball 3-0: Base on Balls Rolando Roomes to second
|
Batting: RHB Craig Walck
|
0-0: Foul Ball, location: 2F 0-1: SINGLE (Groundball, 6MD, EV 106.9 MPH) Rolando Roomes to third Greg Griffin to second Runner from 3rd tries for Home, throw by CF and OUT! 8-2
|
Batting: LHB Bob Helsom
|
0-0: Foul Ball, location: 2F 0-1: Fielders Choice at 2nd, U4 (Groundball, 4M, EV 82.5 MPH)
|
Bottom of the 10th over - 0 runs, 1 hit, 0 errors, 2 left on base; Cedar Rapids 4 - Quad Cities 4 |
TOP OF THE 11TH |
Cedar Rapids Cardinals batting - Pitching for Quad Cities Angels : RHP Gary Granke
|
Now at SS: Mike Sharperson
|
|
Batting: RHB Ronald Grout
|
0-0: Called Strike 0-1: Ball 1-1: Ball 2-1: Called Strike 2-2: Ball 3-2: Fly out, F8 (Line Drive, 8RM, EV 97.5 MPH)
|
Batting: RHB Carson Carroll
|
0-0: Called Strike 0-1: Called Strike 0-2: Ball 1-2: SINGLE (Groundball, 6MD, EV 94.4 MPH)
|
Pinch Hitting: SHB Steve McAllister
|
0-0: Called Strike 0-1: Foul Ball, location: 2F 0-2: Ball Carson Carroll is caught stealing 2nd base 2-6 1-2: DOUBLE (Line Drive, 5D, EV 96.3 MPH)
|
Batting: SHB Bryan Hoppie
|
0-0: Ball 1-0: Ball 2-0: Ball 3-0: Base on Balls
|
Batting: SHB Duane Johnson
|
0-0: Ball 1-0: Ball 2-0: Foul Ball, location: 2F 2-1: Ground out U3 (Groundball, 3L, EV 81.9 MPH)
|
Top of the 11th over - 0 runs, 2 hits, 0 errors, 2 left on base; Cedar Rapids 4 - Quad Cities 4 |
BOTTOM OF THE 11TH |
Quad Cities Angels batting - Pitching for Cedar Rapids Cardinals : RHP Jeffrey Musser
|
Pitching: RHP Donald Oliver
|
|
Now at 3B: Steve McAllister
|
|
Batting: SHB Danny Montero
|
0-0: Ball 1-0: Ball 2-0: Ground out 6-3 (Groundball, 6, EV 110.6 MPH)
|
Batting: LHB Matteo Allucingoli
|
0-0: Ball 1-0: SINGLE (Groundball, 34S, EV 64.4 MPH) (infield hit)
|
Batting: RHB Cecil Strawn
|
0-0: Called Strike 0-1: Ball 1-1: Ball 2-1: Swinging Strike 2-2: Ball 3-2: Foul Ball, location: 2F 3-2: Base on Balls Matteo Allucingoli to second
|
Batting: SHB Frank Diaz
|
0-0: Bunt missed! 0-1: Bunt missed! 0-2: Ball 1-2: Foul Ball, location: 2F 1-2: Ball 2-2: Foul Ball, location: 2F 2-2: Foul Ball, location: 2F 2-2: Foul Ball, location: 2F 2-2: Fly out, F7 (Flyball, 78D, EV 91.9 MPH)
|
Batting: RHB Mike Sharperson
|
0-0: Ball 1-0: Ball 2-0: Ball 3-0: Swinging Strike 3-1: SINGLE (Groundball, P, EV 90.6 MPH) (infield hit) Matteo Allucingoli to third Cecil Strawn to second
|
Batting: RHB Rolando Roomes
|
0-0: Ball 1-0: Foul Ball, location: 2F 1-1: Ball 2-1: Fielders Choice at 2nd, 6-4 (Groundball, 6, EV 76.3 MPH)
|
Bottom of the 11th over - 0 runs, 2 hits, 0 errors, 3 left on base; Cedar Rapids 4 - Quad Cities 4 |
TOP OF THE 12TH |
Cedar Rapids Cardinals batting - Pitching for Quad Cities Angels : RHP Gary Granke
|
Pinch Hitting: LHB Kyle Sanford
|
0-0: Ball 1-0: Swinging Strike 1-1: Called Strike 1-2: Ball 2-2: Fly out, F8 (Flyball, 8RD, EV 98.8 MPH)
|
Batting: RHB Nehames Bernstine
|
0-0: Called Strike 0-1: SINGLE (Groundball, 6MD, EV 106.9 MPH)
|
Batting: RHB Reggie D Williams
|
0-0: Called Strike 0-1: Ball 1-1: Ball 2-1: Reached on error, E5 (Groundball, 56S, EV 83.8 MPH) Nehames Bernstine to second
|
Batting: RHB Robert Doerrer
|
0-0: Ball 1-0: Ball 2-0: Ball 3-0: Base on Balls Nehames Bernstine to third Reggie D Williams to second
|
Pitching: RHP Rickey Lear
|
|
Batting: RHB Ronald Grout
|
0-0: Called Strike 0-1: Foul Ball, location: 2F 0-2: SINGLE (Line Drive, 5, EV 96.3 MPH) Nehames Bernstine scores Reggie D Williams to third Robert Doerrer to second Runner from 3rd tries for Home, SAFE, throw by LF to home
|
Batting: RHB Carson Carroll
|
0-0: Called Strike 0-1: Called Strike 0-2: Fielders Choice at 2nd, 5-4 (Groundball, 56, EV 100.0 MPH) Robert Doerrer to third
|
Batting: SHB Steve McAllister
|
0-0: Ball 1-0: Ball 2-0: Ball 3-0: Base on Balls Carson Carroll to second
|
Batting: SHB Bryan Hoppie
|
0-0: SINGLE (Groundball, 5D, EV 98.1 MPH) Robert Doerrer scores Carson Carroll to third Steve McAllister to second Runner from 3rd tries for Home, SAFE, throw by LF to home
|
Batting: SHB Duane Johnson
|
0-0: Ball 1-0: Ball 2-0: Foul Ball, location: 2F 2-1: Foul Ball, location: 2F 2-2: Strikes out swinging
|
Top of the 12th over - 4 runs, 3 hits, 1 error, 2 left on base; Cedar Rapids 8 - Quad Cities 4 |
BOTTOM OF THE 12TH |
Quad Cities Angels batting - Pitching for Cedar Rapids Cardinals : RHP Donald Oliver
|
Now at C: Paul Bard
|
|
Batting: RHB Greg Griffin
|
0-0: SINGLE (Groundball, 4S, EV 71.3 MPH) (infield hit)
|
Pitching: RHP Gerald Busby
|
|
Batting: RHB Craig Walck
|
0-0: Ball 1-0: Ball 2-0: Called Strike 2-1: Ball 3-1: Foul Ball, location: 2F 3-2: Base on Balls Greg Griffin to second
|
Batting: LHB Bob Helsom
|
0-0: Ball 1-0: Called Strike 1-1: Called Strike 1-2: Strikes out looking
|
Batting: SHB Danny Montero
|
0-0: Swinging Strike 0-1: Foul Ball, location: 2F 0-2: Ball 1-2: Strikes out swinging
|
Batting: LHB Matteo Allucingoli
|
0-0: Ball 1-0: Ball 2-0: SINGLE (Groundball, 34D, EV 96.3 MPH) Greg Griffin to third Craig Walck to second
|
Batting: RHB Cecil Strawn
|
0-0: Called Strike 0-1: Fielders Choice at 2nd, 6-4 (Groundball, 6, EV 89.4 MPH)
|
Bottom of the 12th over - 0 runs, 2 hits, 0 errors, 3 left on base; Cedar Rapids 8 - Quad Cities 4 |
|